 Dungeon Crawl Stone Soup version 0.32-a0-799-g95e1662365 (webtiles) character file.

Game seed: 9873787161007306043

77 zenocrate the Sneak (level 4, -4/28 HPs)
             Began as an Octopode Earth Elementalist on Mar 21, 2024.
             Slain by a gnoll
             ... wielding a +3 flail
              (5 damage)
             ... on level 3 of the Dungeon.
             The game lasted 00:02:40 (1712 turns).

zenocrate the Sneak (Octopode Earth Elementalist)   Turns: 1712, Time: 00:02:40

Health: -4/28      AC:  1    Str:  9    XL:     4   Next: 33%
Magic:  7/7        EV: 12    Int: 17    God:
Gold:   130        SH:  0    Dex: 12    Spells: 3/7 levels left

rFire   + . .        a - +2 short sword (speed)
rCold   . . .        (no shield)
rNeg    . . .        (helmet restricted)
rPois   .            (no amulet)
rElec   .            d - ring of protection from fire
rCorr   .            (no ring)
SInv    .            (no ring)
Will    .....        (no ring)
Stlth   +++          (no ring)
HPRegen 0.24/turn    (no ring)
MPRegen 0.10/turn    (no ring)
                     (no ring)

%: no passive effects
@: no status effects
A: almost no armour, amphibious, 8 rings, camouflage 1, gelatinous body 1,
(nimble swimmer 1), tentacles
a: no special abilities


You were on level 3 of the Dungeon.
You visited 1 branch of the dungeon, and saw 3 of its levels.

You collected 130 gold pieces.

Inventory:

Hand Weapons
 a - a +2 short sword of speed (weapon)
Armour
 n - a +0 kite shield
Jewellery
 d - a ring of protection from fire (left tentacle)
Scrolls
 c - 3 scrolls of teleportation
 h - a scroll of vulnerability
 i - a scroll of noise {unknown}
 l - a scroll of blinking {unknown}
Potions
 b - a potion of magic
 e - a potion of lignification
 f - a potion of attraction
 g - a potion of brilliance
 j - a potion of ambrosia
 k - a potion of mutation


   Skills:
 + Level 1.5 Fighting
 + Level 2.7 Dodging
 + Level 3.9 Stealth
 * Level 1.9 Unarmed Combat
 - Level 2.0 Spellcasting
 - Level 1.0 Conjurations
 - Level 3.0 Earth Magic


You had 3 spell levels left.
You knew the following spells:

 Your Spells              Type           Power      Damage    Failure   Level
a - Sandblast             Erth           22%        2d7       5%          1
b - Stone Arrow           Conj/Erth      16%        3d8       26%         3

Your spell library contained the following spells:

 Spells                   Type           Power      Damage    Failure   Level
 Kiss of Death            Conj/Necr      12%        2d6       16%         1
 Passwall                 Erth           11%        N/A       17%         3
 Confusing Touch          Hex            1%         N/A       50%         3
 Brom's Barrelling Bould  Conj/Erth      8%         2d3       63%         4
 Petrify                  Alch/Erth      6%         N/A       71%         4
 Dispel Undead            Necr           1%         3d6       88%         4


Dungeon Overview and Level Annotations

Branches:
Dungeon (3/15)

Altars:
Trog
Zin

Shops:
D:3 *


Innate Abilities, Weirdness & Mutations

You cannot wear most types of armour.
You are amphibious.
You can wear up to eight rings at the same time.
Your skin changes colour to match your surroundings (Stealth+).
Your rubbery body absorbs attacks. (AC +1, EV +1)
((You are camouflaged when in or above water. (Stealth+)))
You have tentacles for arms and can constrict up to eight enemies at once.


Message History

A gnoll is nearby! 2 gnolls come into view.
The helpless gnoll fails to defend itself.
You puncture the gnoll! You grab the gnoll.
The gnoll is heavily wounded.
You constrict the gnoll.
The gnoll shouts!
The gnoll closely misses you.
Unknown command.
The gnoll shouts!
You hit the gnoll.
You kill the gnoll!
Things that are here:
a +0 flail; a gnoll corpse You closely miss the gnoll.
Your grab misses the gnoll. The gnoll hits you with a +3 flail!
Ouch! That really hurt!
You are too injured to fight recklessly!
Unknown command.
You closely miss the gnoll. Your grab misses the gnoll.
The gnoll hits you from afar with a +0 spear.
* * * LOW HITPOINT WARNING * * *
The gnoll hits you with a +3 flail!
* * * LOW HITPOINT WARNING * * *
Unknown command.
Unknown command.
Okay, then.
Okay, then.
You aren't carrying any items that you can evoke.
Unknown command.
Okay, then.
You hit the gnoll. You grab the gnoll.
The gnoll is moderately wounded.
You constrict the gnoll.
Unknown command.
You hit the gnoll.
The gnoll is heavily wounded.
You constrict the gnoll. The gnoll barely misses you.
The gnoll hits you with a +3 flail.
You die...

≈...§§≈≈≈..≈##
≈..≈....≈§.≈≈#
≈...≈)≈§§.§.≈#
§≈..≈§§..≈..≈#
#§..≈≈≈≈≈...≈#
#§§§..§§....≈#
##§§.......≈≈#
.##§§§.§..§≈####### #
###≈≈≈.≈§##.gg@.#
########'########.####
..##<###.# #....#
#.##.....# ####.#
#.##.##### #.#
#.##.### #######.###
#......# ..........#
####.#.# #######.#.#
#...# #.#.#


You could see 2 gnolls.

Vanquished Creatures
  A gnoll (D:3)
  An adder (D:3)
  3 dart slugs
  2 ribbon worms
  4 bats
  7 endoplasms
  2 giant cockroaches
  3 goblins
  2 hobgoblins
  3 jackals (D:2)
  2 kobolds (D:2)
  A quokka (D:1)
  6 ball pythons
  3 frilled lizards
  4 rats
44 creatures vanquished.

Notes
Turn   | Place    | Note
-------+----------+-------------------------------------------
     0 | D:1      | zenocrate the Octopode Earth Elementalist began the quest
                  | for the Orb.
     0 | D:1      | Reached XP level 1. HP: 11/11 MP: 3/3
   111 | D:1      | Reached XP level 2. HP: 18/18 MP: 5/5
   337 | D:1      | Reached skill level 1 in Fighting
   356 | D:1      | Reached skill level 1 in Unarmed Combat
   512 | D:1      | Reached XP level 3. HP: 23/23 MP: 6/6
   527 | D:1      | Learned a level 3 spell: Stone Arrow
   836 | D:2      | Found a faded altar of an unknown god.
  1604 | D:3      | Found Zin's Purification Station.
  1605 | D:3      | Found a glowing silver altar of Zin.
  1619 | D:3      | Found a bloodstained altar of Trog.
  1632 | D:3      | Reached XP level 4. HP: 28/28 MP: 7/7
  1710 | D:3      | HP: 1/28 [gnoll/+3 flail (7)]
  1712 | D:3      | Slain by a gnoll

Illustrated notes

Levels and vault maps discovered:
D:1:      spicycebolla_arrival_xxxplode, layout_rooms
D:2:      layout_basic, basic_ecumenical_altar, eino_tiny_chamber,
          corexii_corridor_pit
D:3:      layout_loops_ring, mainiacjoe_overflow_concentric_impassable,
          jmf_multi_god_temple2, zin_purify, kennysheep_potato

Skill      XL: |  1  2 |
---------------+-------+-----
Stealth        | 3 |  3.9
Fighting       | 1 |  1.5
Unarmed Combat | 1 |  1.9
Dodging        | |  2.7
Spellcasting   | |  2.0
Conjurations   | |  1.0
Earth Magic    | |  3.0

Action                     |  1- 3 |  4- 6 || total
---------------------------+-------+-------++-------
  Melee: Unarmed           |     7 |       ||     7
         Constrict         |    16 |     3 ||    19
         Tentacles         |    12 |     2 ||    14
         Dagger            |    43 |       ||    43
         Short sword       |    19 |    11 ||    30
   Cast: Sandblast         |     4 |       ||     4
    Use: Scroll            |     7 |       ||     7
   Stab: Sleeping          |    13 |     2 ||    15
 Armour: Skin              |    26 |     5 ||    31
  Dodge: Dodged            |    30 |     5 ||    35

Table legend: (Time is in decaauts)
 A = Elapsed time spent in this place.
 B = Non-inter-level travel time spent in this place.
 C = Inter-level travel time spent in this place.
 D = Time resting spent in this place.
 E = Time spent auto-exploring this place.
 F = Levels seen in this place.
 G = Mean time per level.
                   A        B        C        D        E       F      G
               +--------+--------+--------+--------+--------+-----+--------+
         Total |   1701 |   1625 |     76 |      0 |   1272 |   3 |  567.0 |
       Dungeon |   1701 |   1625 |     76 |      0 |   1272 |   3 |  567.0 |
               +--------+--------+--------+--------+--------+-----+--------+

Top non-repeatable levels by time:
     D:2: 802 daAuts
     D:1: 541 daAuts
     D:3: 357 daAuts
